 Dungeon Crawl Stone Soup version 0.29.1-12-g30fa7ad0bf (webtiles) character file.

Game seed: 13890876045453403623

2478 cowcol the Chopper (level 9, -13/168 HPs)
             Began as a Yellow Draconian Berserker on Dec 19, 2022.
             Was a Believer of Trog.
             Mangled by Pikel
             ... wielding a +2 whip of electrocution
              (20 damage)
             ... on level 7 of the Dungeon.
             The game lasted 00:21:44 (7306 turns).

cowcol the Chopper (Yellow Draconian Berserker)     Turns: 7306, Time: 00:21:45

Health: -13/168    AC: 24    Str: 24    XL:     9   Next: 27%
Magic:  0/9        EV:  2    Int:  8    God:    Trog [**....]
Gold:   433        SH:  0    Dex: 16    Spells: 8/8 levels left

rFire   . . .      SeeInvis .   y - +3 war axe
rCold   . . .      Faith    .   (no shield)
rNeg    . . .      Spirit   +   (body armour unavailable)
rPois   +          Reflect  .   (helmet currently unavailable)
rElec   .          Harm     .   (cloak currently unavailable)
rCorr   .          Rampage  .   (gloves currently unavailable)
Will    .....      NoTele   +   (boots currently unavailable)
Stlth   ..........              E - amulet of guardian spirit
HPRegen 0.38/turn               b - +6 ring of dexterity
MPRegen 0.11/turn               s - ring of flight

@: mighty, berserking (expiring), tree-form (expiring), very quick
A: stationary, stasis, torment immunity, boosted hp, (spit acid), AC +7,
unfitting armour, (cold-blooded), (acid resistance)
a: Renounce Religion, Berserk, Trog's Hand


You were on level 7 of the Dungeon.
You worshipped Trog.
Trog was pleased with you.
You were a tree.
You visited 1 branch of the dungeon, and saw 7 of its levels.

You collected 433 gold pieces.

Inventory:

Hand Weapons
 a - a +0 vorpal hand axe
 c - a +0 club
 d - a +0 whip
 e - a +2 dagger of speed
 f - a +0 short sword
 l - a +2 mace of venom
 o - a +0 falchion
 q - the +2 mace of the Traitor {drain, Int+4}
   (You found it on level 2 of the Dungeon)

   A truly terrible weapon, it drains the life of any living foe it strikes.
   Int:       It affects your intelligence (+4).
 t - a +0 war axe
 u - a +0 whip
 w - a +1 morningstar of draining
 y - a +3 war axe (weapon)
 z - a +0 short sword
Missiles
 p - 2 throwing nets
 v - 6 curare-tipped darts
 D - a poisoned dart (quivered)
 H - 4 boomerangs
Jewellery
 b - a +6 ring of dexterity (left branch)
 g - an amulet of faith
 r - a ring of positive energy
 s - a ring of flight (right branch)
 A - a +6 ring of dexterity
 E - an amulet of guardian spirit (around neck)
 F - a ring of positive energy
Wands
 n - a wand of roots (1)
 x - a wand of charming (7)
Scrolls
 i - 4 scrolls of teleportation
 G - a scroll of identify
Potions
 h - 3 potions of might
 j - a potion of curing
 k - 4 potions of lignification
 m - a potion of flight {unknown}
 B - a potion of heal wounds {unknown}
 C - a potion of degeneration {unknown}


   Skills:
 + Level 5.7 Fighting
 - Level 4.5 Short Blades
 + Level 7.6(8.5) Axes
 * Level 5.8(7.6) Maces & Flails
 + Level 1.4 Throwing
 + Level 4.9 Dodging
 + Level 2.1 Stealth


You had 8 spell levels left.
You didn't know any spells.
Your spell library was empty.

Dungeon Overview and Level Annotations

Branches:
Dungeon (7/15)             Temple (0/1) D:6

Altars:
Dithmenos
Fedhas
Gozag
Hepliaklqana
Okawaru
Vehumet
Wu Jian

Shops:
D:7 [

Annotations:
D:7 Pikel


Innate Abilities, Weirdness & Mutations

You are a tree.
Your roots penetrate the ground, keeping you stationary.
You cannot be teleported.
You are immune to unholy pain and torment.
Your maximum health is greatly increased.
Your equipment is partially melded.
((You can spit globs of acid.))
((Your golden yellow scales are hard. (AC +7)))
You cannot fit into any form of body armour.
((You are cold-blooded and may be slowed by cold attacks.))
((You are resistant to acid. (rCorr)))


Message History

A red film seems to cover your vision as you go berserk!
You feel yourself moving faster!
You feel mighty!
You have got your breath back.
The lemure hits you.
* * * LOW HITPOINT WARNING * * *
The lemure hits you but does no damage.
Pikel hits you with a +2 whip of electrocution.
* * * LOW HITPOINT WARNING * * *
You closely miss Pikel.
Pikel is severely wounded.
You slash the lemure! You barely miss the lemure. You barely miss Pikel.
Pikel is severely wounded.
You closely miss the lemure. You hit the lemure.
You kill the lemure!
That felt strangely unrewarding.
Pikel completely misses you. The lemure hits you but does no damage.
You closely miss Pikel.
Pikel is severely wounded.
You barely miss the lemure. The lemure hits you but does no damage.
Pikel hits you but does no damage.
You are electrocuted!!
* * * LOW HITPOINT WARNING * * *
You closely miss Pikel.
Pikel is severely wounded.
You completely miss the lemure.
Unknown command.
You slash Pikel!
Pikel is almost dead.
You slash the lemure!
You kill the lemure!
That felt strangely unrewarding.
Pikel hits you but does no damage.
You closely miss Pikel.
Pikel is almost dead.
Pikel hits you but does no damage.
Unknown command.
You closely miss Pikel.
Pikel is almost dead.
Your transformation is almost over.
Pikel hits you but does no damage.
You are electrocuted!!
You die...

#.# #.#....#..# #.#
#.#.##)#..### #.#
#.####.#..... #.#
#......).#..# #
#####'###### #######)###'#
# #..........# #..#..... #
#..........#######..#.....
#
#......>.........+..+###'#
# #........♣K####.##..#
+... # #...........#
#.##..# #... #
#...........# #55'## #._.
# #...........# #5##..#
#... # #######'###.# #..#
.# +... # #.# #<#
##.'5.+###+# # #.# #.#
###..#..... #.# #.#
..#..... ##############.#
#.# #+###+#


You could see Pikel.

Vanquished Creatures
  Grinder (D:5)
  Prince Ribbit (D:5)
  Sigmund (D:6)
  A shadow (D:5)
  A steam dragon (D:7)
  A water moccasin (D:7)
  An ice beast (D:6)
  3 black bears
  An ogre (D:5)
  4 lemures (D:7)
  A phantom (D:5)
  Blork the orc (D:5)
  2 bullfrogs (D:6)
  A scorpion (D:4)
  2 howler monkeys (D:7)
  2 jellies (D:6)
  4 hounds
  An orc priest (D:3)
  4 iguanas
  3 orc wizards
  Terence (D:3)
  12 adders
  A white imp (D:6)
  An ufetubus (D:4)
  4 worms
  4 dart slugs
  27 orcs
  6 ball pythons
  6 endoplasms
  5 giant cockroaches
  9 goblins
  13 hobgoblins
  6 jackals
  6 kobolds
  3 quokkas
  5 bats
  A frilled lizard (D:1)
  9 rats
155 creatures vanquished.

Notes
Turn   | Place    | Note
-------+----------+-------------------------------------------
     0 | D:1      | cowcol the Draconian Berserker began the quest for the Orb.
     0 | D:1      | Reached XP level 1. HP: 19/19 MP: 1/1
   544 | D:1      | Reached XP level 2. HP: 26/26 MP: 2/2
   699 | D:1      | Found a faded altar of an unknown god.
  1289 | D:2      | Reached XP level 3. HP: 30/33 MP: 3/3
  1384 | D:2      | Reached skill level 4 in Axes
  1597 | D:2      | Reached XP level 4. HP: 40/40 MP: 4/4
  1928 | D:2      | Reached ** piety under Trog
  2058 | D:2      | Identified the +2 mace of the Traitor {drain, Int+4}
  2399 | D:3      | Reached XP level 5. HP: 26/46 MP: 5/5
  2591 | D:3      | Noticed Terence
  2596 | D:3      | Killed Terence
  2671 | D:3      | Reached skill level 1 in Short Blades
  3297 | D:4      | Reached skill level 5 in Axes
  3510 | D:4      | Reached XP level 6. HP: 53/53 MP: 6/6
  3515 | D:4      | You are sucked into a shaft and drop 1 floor!
  3515 | D:5      | Entered Level 5 of the Dungeon
  3788 | D:4      | Reached *** piety under Trog
  3867 | D:4      | Reached skill level 1 in Stealth
  4049 | D:5      | Noticed Blork the orc
  4069 | D:5      | Reached skill level 6 in Axes
  4071 | D:5      | Killed Blork the orc
  4072 | D:5      | Your scales start taking on a golden yellow colour.
  4072 | D:5      | Reached XP level 7. HP: 38/60 MP: 7/7
  4072 | D:5      | Gained mutation: You are resistant to acid. (rCorr) [Yellow
                  | Draconian growth]
  4469 | D:5      | Reached skill level 1 in Maces & Flails
  4694 | D:5      | Noticed Grinder
  4704 | D:5      | Paralysed by Grinder for 3 turns
  4712 | D:5      | Killed Grinder
  5027 | D:5      | Noticed Prince Ribbit
  5055 | D:5      | Killed Prince Ribbit
  5056 | D:5      | Reached skill level 5 in Fighting
  5056 | D:5      | Reached XP level 8. HP: 57/68 MP: 8/8
  5827 | D:6      | Reached skill level 5 in Maces & Flails
  5835 | D:6      | Reached skill level 1 in Throwing
  6252 | D:6      | Found an iron altar of Okawaru.
  6253 | D:6      | Found a blossoming altar of Fedhas.
  6254 | D:6      | Found a shadowy altar of Dithmenos.
  6254 | D:6      | Found a hazy altar of Hepliaklqana.
  6256 | D:6      | Found an opulent altar of Gozag.
  6304 | D:6      | Found an ornate altar of the Wu Jian Council.
  6381 | D:6      | Noticed Sigmund
  6405 | D:6      | Killed Sigmund
  6406 | D:6      | Reached skill level 7 in Axes
  6438 | D:6      | Reached XP level 9. HP: 74/74 MP: 9/9
  6551 | D:6      | Found a staircase to the Ecumenical Temple.
  6917 | D:7      | Found a radiant altar of Vehumet.
  7088 | D:7      | Found Esuvvint's Armour Emporium.
  7261 | D:7      | Noticed Pikel
  7302 | D:7      | HP: 5/168 [Pikel/+2 whip of electrocution (19)]
  7306 | D:7      | Mangled by Pikel

Illustrated notes

Levels and vault maps discovered:
D:1:      minmay_arrival_wavy_path, layout_basic, ebering_ecumenical_altar_mist,
          minmay_small_reverse_x
D:2:      minmay_chambers_of_ones, layout_loops_cross, minmay_door_square,
          grunt_ministairs_3
D:3:      layout_basic, minmay_misc_feat_cross, kennysheep_crisscross,
          uniq_terence
D:4:      layout_rooms, minmay_box_of_dots
D:5:      layout_basic, uniq_blork_the_orc, uniq_grinder, uniq_prince_ribbit1
D:6:      layout_layer_cave, minitemple, minmay_temple_entry_tees, uniq_sigmund
D:7:      layout_basic, mainiacjoe_overflow_24_doors, serial_shops, shop,
          uniq_pikel

Skill      XL: |  1  2  3  4  5  6  7  8 |
---------------+-------------------------+-----
Dodging        | 3 4 |  4.9
Axes           | 4 5 6 7 |  7.6
Fighting       | 4 5 |  5.7
Short Blades   | 1 2 3 4 |  4.5
Stealth        | 1 2 |  2.1
Maces & Flails | 3 5 |  5.8
Throwing       | 1 |  1.4

Action                   |  1- 3 |  4- 6 |  7- 9 || total
-------------------------+-------+-------+-------++-------
Melee: Hand axe          |   101 |    96 |       ||   197
       Tailslap          |     9 |    18 |    18 ||    45
       War axe           |       |    65 |   122 ||   187
       Punch             |       |     1 |       ||     1
       Morningstar       |       |    10 |    24 ||    34
Throw: Stone             |     3 |     1 |     5 ||     9
       Dart              |       |     6 |     6 ||    12
Invok: Berserk           |       |     4 |     7 ||    11
       Trog's Hand       |       |       |     1 ||     1
 Abil: Breathe Acid      |       |       |     7 ||     7
  Use: Scroll            |     4 |     3 |     2 ||     9
       Potion            |       |       |     4 ||     4
 Stab: Sleeping          |       |     1 |       ||     1
Armor: Skin              |    29 |    39 |    72 ||   140
Dodge: Dodged            |    63 |   114 |   118 ||   295
